 Dungeon Crawl Stone Soup version 0.30.0-10-gfe55d96785 (webtiles) character file.

Game seed: 11683744895861657979

47 qw the Chopper (level 3, 0/23 HPs)
             Began as a Gargoyle Cinder Acolyte on May 17, 2023.
             Was a High Priest of Ignis.
             Killed by divine providence
             ... invoked by an orc priest
              (14 damage)
             ... on level 2 of the Dungeon.
             The game lasted 00:00:46 (1677 turns).

qw the Chopper (Gargoyle Cinder Acolyte)            Turns: 1677, Time: 00:00:46

Health: 0/23       AC:  6    Str: 19    XL:     3   Next: 70%
Magic:  4/4        EV: 11    Int: 14    God:    Ignis [*****.]
Gold:   176        SH:  0    Dex:  5    Spells: 4/4 levels left

rFire   + . .        Y - -1 hand axe (flame)
rCold   + . .        (no shield)
rNeg    + . .        d - +0 leather armour
rPois   inf          (no helmet)
rElec   +            (no cloak)
rCorr   .            (no gloves)
SInv    .            (no boots)
Will    .....        (no amulet)
Stlth   +            f - ring of protection from cold
HPRegen 0.23/turn    (no ring)
MPRegen 0.09/turn

%: no passive effects
@: no status effects
A: sickness immunity, AC +3, negative energy resistance 1, electricity
resistance, torment resistance 1, petrification resistance
a: Renounce Religion, Fiery Armour, Foxfire Swarm, Rising Flame


You were on level 2 of the Dungeon.
You worshipped Ignis.
Ignis was extremely pleased with you.
You visited 1 branch of the dungeon, and saw 2 of its levels.

You collected 176 gold pieces.


Innate Abilities, Weirdness & Mutations

You are immune to sickness and miasma.
Your stone body is resilient. (AC +3)
You are immune to poison.
You resist negative energy. (rN+)
You are resistant to electric shocks. (rElec)
You are resistant to unholy torment.
You are immune to petrification.


   Skills:
 - Level 3.2 Fighting
 + Level 4.1 Axes
 - Level 1.0 Spellcasting
 - Level 3.0 Fire Magic


You had 4 spell levels left.
You didn't know any spells.
Your spell library contained the following spells:

 Spells                   Type           Power      Damage    Failure   Level
 Scorch                   Fire           18%        2d6       14%         2

Inventory:

Hand Weapons
 Y - a -1 hand axe of flaming (weapon)
Armour
 a - a +0 plate armour
 d - a +0 leather armour (worn)
Jewellery
 f - a ring of protection from cold (left hand)
Scrolls
 b - a scroll of teleportation {unknown}
 c - 2 scrolls of blinking {unknown}
 g - a scroll of fog {unknown}
 h - a scroll of summoning {unknown}
Potions
 e - a potion of haste {unknown}

Dungeon Overview and Level Annotations

Branches:
Dungeon (2/15)

Altars:


Message History

Enter note:
Enter note: An orc priest comes into view.
It is wielding a +0 flail.
The orc priest shouts!
You hit the kobold. You burn the kobold.
You kill the kobold!
The orc priest looks satisfied for a moment.
The orc shouts!
The orc priest misses you.
You hit the orc priest. You burn the orc priest.
The orc priest is moderately wounded.
The orc priest hits you but does no damage.
You closely miss the orc priest.
The orc priest is moderately wounded.
You hit the orc but do no damage.
The orc priest hits you with a +0 flail.
The orc hits you but does no damage.
You completely miss the orc priest.
The orc priest is moderately wounded.
You barely miss the orc.
The orc priest hits you with a +0 flail.
The orc hits you but does no damage.
You barely miss the orc priest.
The orc priest is moderately wounded.
You hit the orc but do no damage.
The orc priest hits you but does no damage.
The orc hits you but does no damage. x2
The orc priest hits you with a +0 flail.
You hit the orc priest but do no damage.
The orc priest is moderately wounded.
You hit the orc. You burn the orc.
The orc priest hits you but does no damage.
The orc hits you with a +0 dagger.
You hit the orc but do no damage.
The orc is heavily wounded.
You hit the orc priest. You burn the orc priest.
The orc priest invokes the aid of Beogh against you.
Beogh smites you!
Ouch! That really hurt!
You die...

###### #### #..... ...
#..... #.#### #>.^..
####....##### #.....
#...........# #.....
##.....##.#####.....
#o@..#))...........
.......o...##.####.#....
###.###...###.# #.#.###
.. ##.####.# #...# # #
#......######.###
#................
#.......####.##.#
#.......####.....
#................


You could see an orc priest and an orc.

Vanquished Creatures
  A worm (D:2)
  2 orcs (D:2)
  2 ball pythons (D:2)
  A bat (D:2)
  4 endoplasms (D:1)
  2 giant cockroaches (D:1)
  3 goblins (D:2)
  2 hobgoblins
  8 jackals
  5 kobolds
  2 quokkas (D:1)
  2 frilled lizards (D:1)
  A rat (D:2)
35 creatures vanquished.

Notes
Turn   | Place    | Note
-------+----------+-------------------------------------------
     0 | D:1      | qw the Gargoyle Cinder Acolyte began the quest for the Orb.
     0 | D:1      | Reached XP level 1. HP: 14/14 MP: 2/2
     0 | D:1      | 0 ||| qw: Version: 0.2-a-95-g4c1bab1
     0 | D:1      | 0 ||| qw: Game counter: 109
     0 | D:1      | 0 ||| qw: Always use a shield: true
     0 | D:1      | 0 ||| qw: God list: Okawaru
     0 | D:1      | 0 ||| qw: Allow faded altars: false
     0 | D:1      | 0 ||| qw: Do Orc after D:15 true
     0 | D:1      | 0 ||| qw: Do second Lair branch before Depths: true
     0 | D:1      | 0 ||| qw: Lair rune preference: random
     0 | D:1      | 0 ||| qw: Plans: Normal
     0 | D:1      | 0 ||| PLANNING D:1-11
    32 | D:1      | 32 ||| Stepping ~*~*~tactically~*~*~ (stealth).
    41 | D:1      | 41 ||| INVOKING Fiery Armour.
    42 | D:1      | Reached skill level 3 in Axes
   138 | D:1      | Reached XP level 2. HP: 19/19 MP: 3/3
   788 | D:1      | 788 ||| INVOKING Fiery Armour.
   934 | D:1      | 934 ||| UPGRADING to +0 leather armour.
   944 | D:1      | 944 ||| DROPPING +0 robe.
   945 | D:1      | 945 ||| UPGRADING to ring of protection from cold.
   946 | D:1      | 946 ||| READING scroll labelled LAEMMO VEOMOG.
  1031 | D:2      | 1031 ||| Stepping ~*~*~tactically~*~*~ (stealth).
  1073 | D:2      | 1073 ||| INVOKING Fiery Armour.
  1207 | D:2      | 1207 ||| Stepping ~*~*~tactically~*~*~ (hiding).
  1208 | D:2      | 1208 ||| Stepping ~*~*~tactically~*~*~ (hiding).
  1209 | D:2      | 1209 ||| Stepping ~*~*~tactically~*~*~ (stealth).
  1215 | D:2      | Reached XP level 3. HP: 21/23 MP: 4/4
  1437 | D:2      | Reached skill level 4 in Axes
  1577 | D:2      | 1577 ||| Stepping ~*~*~tactically~*~*~ (stealth).
  1657 | D:2      | 1657 ||| Stepping ~*~*~tactically~*~*~ (stealth).
  1664 | D:2      | 1664 ||| Stepping ~*~*~tactically~*~*~ (stealth).
  1677 | D:2      | Killed from afar by an orc priest

Levels and vault maps discovered:
D:1:      spicycebolla_arrival_xxxplode, layout_basic, serial_bayou_pond_d
D:2:      layout_loops_cross, item_on_display_a, uniq_crazy_yiuf_cottage

Skill      XL: |  1  2  3 |
---------------+----------+-----
Axes           | 3 4 |  4.1
Fighting       | |  3.2
Spellcasting   | |  1.0
Fire Magic     | |  3.0

Action                     || total
---------------------------++-------
  Melee: Hand axe          ||   146
         Punch             ||     1
 Invoke: Fiery Armour      ||     3
    Use: Scroll            ||     1
 Armour: Robe              ||    14
         Leather armour    ||    49
  Dodge: Dodged            ||    76

Table legend:
 A = Non-vault XP
 B = Vault XP
 C = Vault XP percentage of total XP
 D = Non-vault monster count
 E = Vault monster count
 F = Vault count percentage of total count
                 A         B        C        D         E       F
            +---------+---------+-------+---------+---------+-------
      Total |      68 |       0 |   0.0 |      35 |       0 |   0.0
            +---------+---------+-------+---------+---------+-------
        D:1 |      26 |       0 |   0.0 |      14 |       0 |   0.0
        D:2 |      42 |       0 |   0.0 |      21 |       0 |   0.0
            +---------+---------+-------+---------+---------+-------
